 Dungeon Crawl Stone Soup version 0.19.1 (webtiles) character file.

24960 omegacute the Severer (level 12, -5/111 (112) HPs)
             Began as a Minotaur Berserker on Dec 6, 2016.
             Was a High Priest of Trog.
             Engulfed by a cloud of freezing vapour (11 damage)
             ... in an ice cave.
             The game lasted 01:00:49 (13680 turns).

omegacute the Severer (Minotaur Berserker)         Turns: 13680, Time: 01:00:50

HP:   -5/111 (112)  AC: 21    Str: 31    XL:     12   Next: 85%
MP:   11/11         EV:  9    Int:  4    God:    Trog [*****.]
Gold: 539           SH:  0    Dex: 10    Spells: 0 memorised, 11 levels left

rFire  . . .     SeeInvis .     I - +2 battleaxe (vamp)
rCold  . . .     Gourm    .     M - +0 plate armour
rNeg   . . .     Faith    .     (shield currently unavailable)
rPois  .         Spirit   .     (helmet restricted)
rElec  .         Reflect  .     R - +2 cloak
rCorr  .         Harm     .     V - +0 pair of gloves
MR     +++..                    (no boots)
Stlth  ..........               (no amulet)
                                a - +4 ring of strength
                                u - ring of protection from magic

@: regenerating
A: retaliatory headbutt, horns 2
a: Berserk, Trog's Hand, Brothers in Arms, Burn Spellbooks, Renounce Religion


You were in an ice cave.
You worshipped Trog.
Trog was extremely pleased with you.
You were very hungry.

You visited 1 branch of the dungeon, and saw 13 of its levels.
You also visited: Ice Cave.

You collected 715 gold pieces.
You spent 176 gold pieces at shops.

Inventory:

Hand Weapons
 o - a +2 executioner's axe of freezing
 x - a +0 great sword of freezing
 I - a +2 vampiric battleaxe (weapon)
 T - a +3 war axe of freezing
Armour
 M - a +0 plate armour (worn)
 R - a +2 cloak (worn)
 V - a +0 pair of gloves (worn)
Jewellery
 a - a +4 ring of strength (right hand)
 u - a ring of protection from magic (left hand)
Wands
 l - a wand of iceblast (9/15)
 v - a wand of iceblast (8/15)
 y - a wand of random effects (31/48)
 F - a wand of confusion (36/48)
 K - a wand of hasting (4/9)
 N - a wand of polymorph (5/24)
 Q - a wand of flame (16/48)
 S - a wand of slowing (22/48)
 U - a wand of digging (19/24)
Scrolls
 d - 6 scrolls of remove curse
 e - 8 scrolls of identify
 g - 2 scrolls of enchant weapon
 j - a scroll of noise
 k - a scroll of fog
 p - 3 scrolls of teleportation
 r - a scroll of random uselessness {unknown}
 s - a scroll of immolation {unknown}
 C - a scroll of enchant armour {unknown}
 E - a scroll of torment {unknown}
 H - a scroll of fear {unknown}
 P - a scroll of vulnerability {unknown}
Potions
 b - 7 potions of curing
 f - 2 potions of resistance
 h - 2 potions of magic {unknown}
 m - 2 potions of mutation {unknown}
 n - a potion of flight {unknown}
 q - 2 potions of haste {unknown}
 t - a potion of cure mutation {unknown}
 w - a potion of invisibility
 z - a potion of brilliance {unknown}
 A - a potion of berserk rage {unknown}
 D - 2 potions of lignification {unknown}
 G - 2 potions of beneficial mutation {unknown}
 J - 3 potions of heal wounds
Comestibles
 c - 10 bread rations
 i - a slice of pizza
 B - 6 meat rations
 L - a fruit
 O - 7 royal jellies


   Skills:
 - Level 12.1 Fighting
 * Level 18.0 Axes
 + Level 13.2 Armour
 - Level 2.1 Dodging


You had 11 spell levels left.
You didn't know any spells.

Dungeon Overview and Level Annotations

Branches:
Dungeon (13/15)            Temple (0/1) D:6            Lair (0/6) D:9
    Orc (0/2) D:9
 Vaults: D:13-14

Altars:
Ashenzari
Cheibriados
Dithmenos
Kikubaaqudgha
Makhleb
Nemelex Xobeh
Qazlal
Ru
Trog
Xom
Yredelemnul
Zin
The Shining One

Shops:
D:5 !   D:6 (   D:9 *

Annotations:
D:12 exclusion: ice statue


Innate Abilities, Weirdness & Mutations

You reflexively headbutt those who attack you in melee.
You have a pair of horns on your head.


Message History

You feel resistant to hostile enchantments.
You are feeling very hungry.
You are engulfed in freezing vapours.
The ice devil hits you!
* * * LOW HITPOINT WARNING * * *
The ice devil freezes you!
* * * LOW HITPOINT WARNING * * *
The ice devil hits you but does no damage.
You take 24 damage, and have 5/111 hp.
MASSIVE DAMAGE!!
Your plate armour prevents you from hitting the ice devil.
You headbutt the ice devil.
The ice devil is severely wounded.
You closely miss the ice devil.
You are engulfed in freezing vapours.
The ice devil closely misses you. You furiously retaliate!
You headbutt the ice devil, but do no damage.
The ice devil hits you but does no damage.
You hit the ice devil but do no damage.
You headbutt the ice devil, but do no damage.
The ice devil is severely wounded.
You slash the ice devil!
You are engulfed in freezing vapours.
You die...

#### ##..##
##....# ##§§#..##
#§§§###.##
##§§####..#
#@4##..#..##
#.§§§§4##...##..#
###§§§§##....#..##
#.§§###≈...##..#
#§§§ ##....#..#
#.§§ ##.#.##..#
.§.§ #..###...#
..#.. #...##..##
#.......#


You could see 2 ice devils.

Vanquished Creatures
  Erolcha (D:11)
  The ghost of Ladykiller69 the Carver, a novice MiAK of Lugonu (D:7)
  4 skeletal warriors (D:12)
  3 unseen horrors
  Pikel (D:7)
  2 ugly things
  2 manticores
  2 centaur zombies
  2 ice statues (IceCv)
  A gargoyle (D:12)
  3 ice devils (IceCv)
  The ghost of loralnil the Chopper, a novice VSBe of Trog (D:5)
  A troll (D:11)
  A queen bee (D:9)
  A two-headed ogre (D:10)
  2 polar bears (D:11)
  9 hippogriffs
  2 shadows
  20 yaks
  A wyvern (D:11)
  A hog (D:11)
  A human (D:3)
  3 hungry ghosts
  Menkaure (D:7)
  2 mottled dragons (D:12)
  Grum (D:8)
  A water moccasin (D:8)
  3 sky beasts
  2 ice beasts
  3 orc warriors
  An eye of draining (D:12)
  A necrophage (D:11)
  7 ogres
  4 phantoms
  8 black bears (D:11)
  4 wolves (D:8)
  5 centaurs
  5 big kobolds
  6 bullfrogs
  A wyvern zombie (D:12)
  4 scorpions
  24 killer bees
  An electric eel (D:10)
  8 howler monkeys
  7 crimson imps
  A bullfrog zombie (D:5)
  5 hounds
  2 centaur skeletons (D:12)
  2 jellies
  8 orc wizards
  6 orc priests
  A bullfrog skeleton (D:11)
  2 iguanas
  12 worker ants
  A killer bee zombie (D:9)
  4 hound skeletons
  A howler monkey zombie (D:7)
  2 worker ant zombies
  14 gnolls
  11 adders
  A shadow imp (D:7)
  6 white imps (IceCv)
  6 ufetubi (IceCv)
  2 oozes (D:4)
  2 adder zombies
  2 adder skeletons
  2 worms (D:2)
  3 dart slugs
  10 leopard geckos
  26 orcs
  A ball python (D:2)
  9 bats
  4 giant cockroaches
  5 goblins
  5 hobgoblins
  13 jackals
  9 quokkas
  2 frilled lizards
  3 jackal skeletons
  46 kobolds
  A leopard gecko skeleton (D:7)
  7 rats
  2 plants (D:4)
403 creatures vanquished.

Vanquished Creatures (collateral kills)
  A hydra (D:12)
  A skeletal warrior (D:12)
2 creatures vanquished.

Vanquished Creatures (others)
  3 slaves (D:7)
  A killer bee (D:7)
  4 white imps (IceCv)
  3 ufetubi (IceCv)
  2 orcs (D:10)
13 creatures vanquished.

Grand Total: 418 creatures vanquished

Notes
Turn   | Place    | Note
-------+----------+-------------------------------------------
     0 | D:1      | omegacute the Minotaur Berserker began the quest for the Orb.
     0 | D:1      | Reached XP level 1. HP: 19/19 MP: 0/0
    69 | D:1      | Reached skill level 4 in Axes
   300 | D:1      | Reached XP level 2. HP: 26/26 MP: 1/1
   829 | D:2      | Reached skill level 5 in Axes
   829 | D:2      | Reached XP level 3. HP: 29/31 MP: 2/2
   865 | D:2      | Reached ** piety under Trog
   985 | D:2      | Reached skill level 6 in Axes
   985 | D:2      | Reached XP level 4. HP: 36/39 MP: 3/3
  1063 | D:2      | Found an ancient bone altar of Kikubaaqudgha.
  1139 | D:2      | Found a bloodstained altar of Trog.
  1472 | D:2      | Reached XP level 5. HP: 43/45 MP: 4/4
  1614 | D:2      | Found a glowing silver altar of Zin.
  1714 | D:3      | Reached skill level 7 in Axes
  1793 | D:3      | Found a runed door.
  1793 | D:3      | Noticed a human
  1803 | D:3      | Reached *** piety under Trog
  1818 | D:3      | Found a basalt altar of Yredelemnul.
  1842 | D:3      | Killed a human
  1842 | D:3      | Reached skill level 8 in Axes
  1842 | D:3      | Reached XP level 6. HP: 51/51 MP: 5/5
  2578 | D:4      | Reached skill level 9 in Axes
  2829 | D:4      | Reached XP level 7. HP: 53/57 MP: 6/6
  3054 | D:4      | Found a burning altar of Makhleb.
  3205 | D:4      | Reached skill level 10 in Axes
  3263 | D:4      | Reached **** piety under Trog
  3574 | D:5      | Entered Level 5 of the Dungeon
  3647 | D:4      | Received a gift from Trog
  3714 | D:5      | Reached skill level 11 in Axes
  3720 | D:5      | Noticed loralnil's ghost (novice VSBe)
  3889 | D:5      | Killed loralnil's ghost
  3889 | D:5      | Reached skill level 12 in Axes
  3889 | D:5      | Reached XP level 8. HP: 64/64 MP: 7/7
  4031 | D:5      | Found Viaguik's Distillery.
  4041 | D:5      | Bought a potion of invisibility for 88 gold pieces
  4041 | D:5      | Bought a potion of curing for 33 gold pieces
  4041 | D:5      | Bought a potion of heal wounds for 55 gold pieces
  4066 | D:5      | Reached skill level 5 in Fighting
  4797 | D:5      | Reached skill level 5 in Armour
  4954 | D:5      | Reached XP level 9. HP: 75/79 MP: 8/8
  5281 | D:6      | Found a staircase to the Ecumenical Temple.
  6118 | D:6      | Found Reoliazu's Weapon Shoppe.
  6195 | D:7      | Reached ***** piety under Trog
  6450 | D:7      | Noticed Menkaure
  6464 | D:7      | Killed Menkaure
  6689 | D:7      | You fall through a shaft!
  6766 | D:8      | Received a gift from Trog
  6790 | D:8      | Reached skill level 10 in Fighting
  6807 | D:8      | Noticed Grum
  7177 | D:9      | Noticed a manticore
  7196 | D:9      | Killed a manticore
  7529 | D:9      | Found a glowing golden altar of the Shining One.
  7598 | D:9      | Found a staircase to the Lair.
  7644 | D:8      | Reached XP level 10. HP: 91/94 MP: 9/9
  7772 | D:7      | Noticed Ladykiller69's ghost (novice MiAK)
  7785 | D:7      | Killed Ladykiller69's ghost
  7819 | D:7      | Found a shattered altar of Ashenzari.
  7822 | D:7      | Noticed Pikel
  7827 | D:7      | Killed Pikel
  7828 | D:7      | Found a sparkling altar of Nemelex Xobeh.
  8591 | D:8      | Killed Grum
  8686 | D:8      | Found a faded altar of an unknown god.
  8686 | D:8      | Found a faded altar of an unknown god.
  8701 | D:8      | Found a faded altar of an unknown god.
  8703 | D:8      | Found a faded altar of an unknown god.
  8705 | D:8      | Found a sacrificial altar of Ru.
  8869 | D:8      | Killed an unseen horror
  8869 | D:8      | Reached skill level 13 in Axes
  9369 | D:9      | Found a staircase to the Orcish Mines.
  9401 | D:9      | Found Wighaemp's Assorted Antiques.
  9595 | D:9      | Reached XP level 11. HP: 99/104 MP: 10/10
  9621 | D:9      | Reached skill level 10 in Armour
 10053 | D:10     | Entered Level 10 of the Dungeon
 10628 | D:10     | Reached skill level 14 in Axes
 11142 | D:11     | Noticed a purple ugly thing
 11150 | D:11     | Killed a purple ugly thing
 11346 | D:11     | Found a huge runed gate.
 11347 | D:11     | Found a huge runed gate.
 11347 | D:11     | Found a huge runed gate.
 11347 | D:11     | Found a huge runed gate.
 11384 | D:11     | Killed an unseen horror
 11384 | D:11     | Received a gift from Trog
 11544 | D:11     | Reached skill level 15 in Axes
 11665 | D:11     | Noticed Erolcha
 11670 | D:11     | Killed Erolcha
 11740 | D:11     | Reached XP level 12. HP: 111/111 MP: 11/11
 11742 | D:11     | Reached skill level 16 in Axes
 12270 | D:12     | Noticed a seven-headed hydra
 12276 | D:12     | Killed a seven-headed hydra
 12508 | D:12     | Reached skill level 17 in Axes
 12849 | D:12     | Received a gift from Trog
 13150 | D:12     | Found a shimmering altar of Xom.
 13152 | D:12     | Found a snail-covered altar of Cheibriados.
 13152 | D:12     | Found an ancient bone altar of Kikubaaqudgha.
 13154 | D:12     | Found a stormy altar of Qazlal.
 13154 | D:12     | Found a stormy altar of Qazlal.
 13154 | D:12     | Found a shadowy altar of Dithmenos.
 13411 | D:13     | Found a frozen archway.
 13430 | IceCv    | Entered an ice cave
 13635 | IceCv    | Reached skill level 18 in Axes
 13678 | IceCv    | HP: 5/111 [ice devil (17)]
 13680 | IceCv    | Engulfed by a cloud of freezing vapour

Skill      XL: |  1  2  3  4  5  6  7  8  9 10 11 12 |
---------------+-------------------------------------+-----
Axes           | 4 5 6 8 9 12 13 15 18 | 18.0
Fighting       | 7 10 12 | 12.1
Armour         | 5 7 9 11 13 | 13.2
Dodging        | |  2.1

Action                   |  1- 3 |  4- 6 |  7- 9 | 10-12 || total
-------------------------+-------+-------+-------+-------++-------
Melee: Hand axe          |    49 |   174 |   309 |       ||   532
       Headbutt          |    11 |    28 |    75 |   118 ||   232
       War axe           |       |       |    76 |       ||    76
       Battleaxe         |       |       |     4 |   483 ||   487
Invok: Berserk           |       |     6 |    11 |    12 ||    29
       Trog's Hand       |       |       |     2 |     4 ||     6
       Burn Spellbooks   |       |       |       |     2 ||     2
       Brothers in Arms  |       |       |       |     2 ||     2
  Use: Scroll            |       |       |     6 |     7 ||    13
       Potion            |       |       |     1 |       ||     1
  Eat: Chunk             |       |    12 |    24 |    31 ||    67
       Pizza             |       |       |     1 |     1 ||     2
       Fruit             |       |       |     4 |     3 ||     7
       Royal jelly       |       |       |     2 |       ||     2
Armor: Scale mail        |     3 |       |       |       ||     3
       Chain mail        |    14 |    81 |    52 |       ||   147
       Plate armour      |       |       |   170 |   456 ||   626
Dodge: Dodged            |    19 |    68 |    96 |   250 ||   433
